 Dungeon Crawl Stone Soup version 0.15.2 (webtiles) character file.

191 ztt the Grave Robber (level 5, -4/35 HPs)
             Began as a Vampire Necromancer on Nov 7, 2014.
             Killed by nerve-wracking pain
             ... invoked by Grinder
              (9 damage)
             ... on Level 4 of the Dungeon.
             The game lasted 00:07:12 (3881 turns).

ztt the Grave Robber (Vampire Necromancer)          Turns: 3881, Time: 00:07:12

HP  -4/35        AC  0     Str  3      XL: 5   Next: 41%
MP  10/12        EV 20     Int 17      God:
Gold 124         SH  0     Dex 19      Spells:  2 memorised,  9 levels left

rFire  . . .     SeeInvis +     p - melded +4 short sword
rCold  . . .     Clarity  .     a - melded +1 robe
rNeg   + . .     rCorr    .     (shield currently unavailable)
rPois  .         rRot     .     (helmet currently unavailable)
rElec  .         Spirit   .     (cloak currently unavailable)
SustAb .         Warding  .     (gloves currently unavailable)
rMut   .         Stasis   .     (boots currently unavailable)
Gourm  .                        (no amulet)
MR     .....                    (ring currently unavailable)
                                (ring currently unavailable)

@: bat-form, flying, very quick, not resistant to hostile enchantments, fairly
stealthy
A: (fangs 0), see invisible, (unbreathing)
a: End Transformation


You were on level 4 of the Dungeon.
You were not thirsty.
You were in vampire bat-form.
You visited 1 branch of the dungeon, and saw 4 of its levels.

You collected 124 gold pieces.

Inventory:

Hand weapons
 i - a +0 short sword of venom
 m - a +2 dagger of venom
 p - a +4 short sword (melded)
Armour
 a - a +1 robe (melded)
Scrolls
 f - a scroll of fear {unknown}
 g - a scroll of identify
 h - a scroll of immolation {unknown}
 j - 2 scrolls of remove curse
 k - a scroll of enchant weapon {unknown}
 l - a scroll of enchant armour
 r - a scroll of teleportation {unknown}
Jewellery
 c - an uncursed amulet of warding {unknown}
Potions
 d - a potion of curing
 e - 2 potions of invisibility
 n - 2 potions of degeneration {unknown}
 o - a potion of heal wounds {unknown}
 q - a potion of agility {unknown}
Books
 b - a book of Necromancy

   Spells                             Type                      Level
   *Pain                              Necromancy                   1
   *Animate Skeleton                  Necromancy                   1
   Vampiric Draining                  Necromancy                   3
   Regeneration                       Charms/Necromancy            3
   Animate Dead                       Necromancy                   4
   Control Undead                     Necromancy                   4


   Skills:
 + Level 2.3 Dodging
 + Level 3.4 Stealth
 + Level 3.8 Spellcasting
 + Level 6.0 Necromancy


You had 9 spell levels left.
You knew the following spells:

 Your Spells              Type           Power        Failure   Level  Hunger
a - Pain                  Necr           ###.         6%          1    None
b - Animate Skeleton      Necr           N/A          6%          1    None


Dungeon Overview and Level Annotations

Branches:
Dungeon (4/15)
 Temple: D:4-7

Altars:
Nemelex Xobeh

Annotations:
D:4 Grinder


Innate Abilities, Weirdness & Mutations

((You have razor-sharp teeth.))
You have supernaturally acute eyesight.
((You can survive without breathing.))


Message History

Okay, then.
Use which ability? (? or * to list)
You fail to use your ability.
Grinder closely misses you.
You completely miss Grinder. Grinder closely misses you.
Drink which item? (? for menu, Esc to quit)
Okay, then.
Use which ability? (? or * to list)
You turn into a vampire bat.
Your +4 short sword melds into your body.
Your +1 robe melds into your body.
Grinder gestures at you. Pain shoots through your body!
* * * LOW HITPOINT WARNING * * *
Grinder gestures.
Grinder blinks!
You hit Grinder.
Grinder is lightly wounded.
Grinder gestures at you. Pain shoots through your body!
You die...

###....# ###.....#
#......## ##ยง###..## #
#..##...##..
##...........
#....##........
#..####...##...........
#....b.5..............
##....................
#.....................
....#.........#.........
#...##......).##........
. ##.........##.......
....................
....................
###.......[........


You could see Grinder.

Vanquished Creatures
  An orc wizard (D:3)
  6 adders
  4 worms
  8 orcs
  9 bats
  5 giant cockroaches
  5 goblins
  5 hobgoblins
  7 jackals
  5 kobolds
  8 giant geckos
  4 giant newts
  2 quokkas
  3 rats
72 creatures vanquished.

Notes
Turn   | Place    | Note
--------------------------------------------------------------
     0 | D:1      | ztt, the Vampire Necromancer, began the quest for the Orb.
     0 | D:1      | Reached XP level 1. HP: 13/13 MP: 3/3
   306 | D:1      | Found a sparkling altar of Nemelex Xobeh.
   364 | D:1      | Reached XP level 2. HP: 17/19 MP: 2/4
   623 | D:1      | Learned a level 1 spell: Animate Skeleton
   693 | D:1      | Reached skill level 5 in Necromancy
  1224 | D:2      | Reached XP level 3. HP: 15/24 MP: 2/6
  2600 | D:3      | Reached XP level 4. HP: 22/30 MP: 6/8
  2959 | D:3      | Reached XP level 5. HP: 25/35 MP: 2/11
  3804 | D:4      | Reached skill level 6 in Necromancy
  3866 | D:4      | Noticed Grinder
  3881 | D:4      | Killed from afar by Grinder

Action                   |  1- 3 |  4- 6 || total
-------------------------+-------+-------++-------
Melee: Short sword       |    13 |    31 ||    44
       Unarmed           |     1 |     1 ||     2
       Dagger            |       |     6 ||     6
 Cast: Pain              |    67 |    55 ||   122
 Abil: Bat Form          |       |     1 ||     1
  Use: Scroll            |     5 |       ||     5
 Stab: Sleeping          |       |     1 ||     1
  Eat: Corpse            |     3 |     4 ||     7
